 Dungeon Crawl Stone Soup version 0.27.1-3-gb3d3a73c9e (webtiles) character file.

Game seed: 11648286616973031396

77 AZSletch the Ruffian (level 4, -3/36 HPs)
             Began as a Draconian Transmuter on Oct 5, 2021.
             Was a Believer of Kikubaaqudgha.
             Slain by an orc (7 damage)
             ... on level 3 of the Dungeon on Oct 6, 2021.
             The game lasted 00:10:46 (2184 turns).

AZSletch the Ruffian (Draconian Transmuter)         Turns: 2184, Time: 00:10:46

Health: -3/36      AC:  5    Str: 13    XL:     4   Next: 13%
Magic:  6/7        EV: 12    Int: 13    God:    Kikubaaqudgha [**....]
Gold:   34         SH:  0    Dex: 12    Spells: 5/8 levels left

rFire    . . .     SeeInvis .   j - +0 dagger
rCold    . . .     Faith    .   (no shield)
rNeg     . . .     Spirit   .   (armour unavailable)
rPois    .         Reflect  .   (helmet currently unavailable)
rElec    .         Harm     .   f - scarf {+Inv}
rCorr    .         Rampage  .   (no gloves)
Will     .....                  (boots currently unavailable)
Stlth    +.........             (no amulet)
HPRegen  0.12/turn              (no ring)
MPRegen  0.10/turn              (no ring)

@: appendages (expiring)
A: horns 2, talons 2, AC +5, unfitting armour, cold-blooded
a: End Transformation, Renounce Religion, Evoke Invisibility, Receive Corpses


You were on level 3 of the Dungeon.
You worshipped Kikubaaqudgha.
Kikubaaqudgha was pleased with you.
You had temporarily grown beastly horns and talons.
You visited 1 branch of the dungeon, and saw 3 of its levels.

You collected 124 gold pieces.
You spent 90 gold pieces at shops.

Inventory:

Hand Weapons
 j - a +0 dagger (weapon)
Missiles
 d - 65 stones (quivered)
Armour
 f - a scarf of invisibility (worn)
Magical Staves
 e - a staff of conjuration
Scrolls
 a - 2 scrolls of identify {unknown}
 b - a scroll of fog {unknown}
 h - 2 scrolls of immolation {unknown}
 i - a scroll of fear {unknown}
Potions
 c - 5 potions of curing
 g - a potion of haste {unknown}


   Skills:
 + Level 2.0 Fighting
 + Level 2.4 Dodging
 - Level 3.1 Unarmed Combat
 + Level 2.6 Spellcasting
 * Level 1.7 Necromancy
 - Level 2.1 Transmutations


You had 5 spell levels left.
You knew the following spells:

 Your Spells              Type           Power      Damage    Failure   Level
a - Beastly Appendage     Tmut           14%        N/A       10%         1
b - Animate Skeleton      Necr           12%        N/A       12%         1
c - Pain                  Necr           24%        1d5       12%         1

Your spell library contained the following spells:

 Spells                   Type           Power      Damage    Failure   Level
 Wereblood                Tmut           7%         N/A       16%         2
 Sublimation of Blood     Necr           3%         N/A       17%         2
 Vampiric Draining        Necr           3%         2d6       34%         3
 Spider Form              Tmut/Pois      2%         N/A       43%         3
 Tukima's Dance           Hex            1%         N/A       58%         3
 Ice Form                 Ice/Tmut       4%         N/A       83%         4
 Passage of Golubria      Tloc           N/A        N/A       94%         4
 Yara's Violent Unravell  Hex/Tmut       2%         3d3       99%         5


Dungeon Overview and Level Annotations

Branches:
Dungeon (3/15)

Altars:
Kikubaaqudgha
Zin


Innate Abilities, Weirdness & Mutations

You have temporarily grown beastly horns and talons.
Your plain brown scales are hard. (AC +5)
You cannot fit into any form of body armour.
You are cold-blooded and may be slowed by cold attacks.


Message History

You closely miss the orc. You tail-slap the orc.
The orc is heavily wounded.
The orc hits you with a +0 whip. The orc closely misses you.
You see here 12 stones.
The orc misses you.
You closely miss the orc.
The orc is heavily wounded.
You barely miss the orc. You tail-slap the orc.
The orc is moderately wounded.
You hit the orc.
The orc is heavily wounded.
You hit the orc.
The orc is heavily wounded.
The orc closely misses you. The orc hits you with a +0 war axe.
You barely miss the orc.
The orc is heavily wounded.
The orc hits you with a +0 hand axe. The orc misses you.
You hit the orc.
You kill the orc!
Kikubaaqudgha accepts your kill.
Casting: Animate Skeleton (safe; 12% risk of failure)
Confirm with . or Enter, or press ? or * to list all spells.
You grow a pair of large bovine horns.
Your feet morph into talons.
The orc hits you with a +0 war axe.
You hit the orc. Your kick misses the orc. Your headbutt misses the orc.
The orc is lightly wounded.
The orc barely misses you. The orc hits you with a +0 war axe!
You hit the orc but do no damage. You headbutt the orc, but do no damage.
The orc is lightly wounded.
Your transformation is almost over.
The orc hits you with a +0 whip. The orc hits you with a +0 war axe!
* * * LOW HITPOINT WARNING * * *
You hit the orc but do no damage.
The orc is lightly wounded.
The orc barely misses you. x2
You closely miss the orc. You tail-slap the orc.
The orc is moderately wounded.
The orc hits you but does no damage. The orc hits you with a +0 war axe!
You die...
Kikubaaqudgha rasps: "You have failed me!
Welcome... death!"

## #.# #.# #.# #.#
#####
#######.####...#####
#........##o.......###
#.#......##o#........##
#...###..+o@####......#
#..##⌠##..### ####...##
##..#_#.....# ##...#
##.....>...# #..(##
#.......#..# ##...####
#...∩......# #......#
##....)<#..# ##....((
##...#.#..# ###....
#####.#### ####.


You could see 3 orcs.

Vanquished Creatures
  3 adders
  2 orcs (D:3)
  6 ball pythons
  6 bats
  5 endoplasms
  3 giant cockroaches
  2 goblins
  4 hobgoblins (D:2)
  2 jackals (D:1)
  2 quokkas
  4 frilled lizards
  3 kobolds
  2 rats
44 creatures vanquished.

Vanquished Creatures (collateral kills)
  An endoplasm (D:3)
1 creature vanquished.

Grand Total: 45 creatures vanquished

Notes
Turn   | Place    | Note
-------+----------+-------------------------------------------
     0 | D:1      | AZSletch the Draconian Transmuter began the quest for the
                  | Orb.
     0 | D:1      | Reached XP level 1. HP: 16/16 MP: 3/3
   327 | D:1      | Found a faded altar of an unknown god.
   340 | D:1      | Became a worshipper of Kikubaaqudgha
   340 | D:1      | Reached * piety under Kikubaaqudgha
   340 | D:1      | Received a gift from Kikubaaqudgha
   352 | D:1      | Learned a level 1 spell: Animate Skeleton
   386 | D:1      | Reached XP level 2. HP: 20/23 MP: 5/5
   388 | D:1      | Learned a level 1 spell: Pain
   573 | D:1      | Upgraded the game from 0.27.1-2-g3b301248ec to
                  | 0.27.1-3-gb3d3a73c9e
  1279 | D:2      | Reached XP level 3. HP: 26/29 MP: 4/6
  1374 | D:2      | Reached skill level 1 in Necromancy
  1637 | D:2      | Reached ** piety under Kikubaaqudgha
  2082 | D:3      | Found Zin's Purification Station.
  2082 | D:3      | Found a glowing silver altar of Zin.
  2090 | D:3      | Bought a potion of curing for 90 gold pieces
  2133 | D:3      | Reached XP level 4. HP: 29/36 MP: 4/7
  2184 | D:3      | Slain by an orc

Illustrated notes

Levels and vault maps discovered:
D:1:      giann_horns, layout_basic, basic_ecumenical_altar
D:2:      layout_rooms
D:3:      minmay_door_path, layout_basic, zin_purify,
          mainiacjoe_overflow_tiny_flanked, serial_curves, eino_curves_04,
          eino_curves_03, eino_curves_01, eino_curves_03,
          minmay_increasing_density, uniq_sigmund

Skill      XL: |  1  2  3 |
---------------+----------+-----
Dodging        | 2 |  2.4
Necromancy     | 1 |  1.7
Fighting       | 2 |  2.0
Unarmed Combat | |  3.1
Spellcasting   | |  2.6
Transmutations | |  2.1

Action                   |  1- 3 |  4- 6 || total
-------------------------+-------+-------++-------
Melee: Unarmed           |   102 |       ||   102
       Kick              |    13 |       ||    13
       Headbutt          |    12 |     1 ||    13
       Tailslap          |     7 |     3 ||    10
       Punch             |     1 |       ||     1
       Dagger            |    44 |    13 ||    57
Throw: Stone             |     1 |     3 ||     4
 Cast: Beastly Appendage |    31 |     1 ||    32
       Animate Skeleton  |    12 |     1 ||    13
       Pain              |    10 |       ||    10
 Stab: Sleeping          |     1 |       ||     1
Armor: Skin              |    55 |     1 ||    56
Dodge: Dodged            |   118 |     8 ||   126
